[Event "Titled Tuesday Blitz June 28 Early 2022"]
[White "Barria Zuniga, Daniel"]
[Black "Oparin, Grigoriy"]
[WhiteFideId "3400816"]
[BlackFideId "24125890"]
[WhiteElo "2414"]
[BlackElo "2639"]
[Result "0-1"]
[Round "02"]
[TimeControl "180+1"]
[Date "2022.06.28"]
[WhiteClock "0:00:14"]
[BlackClock "0:01:27"]

1. d4 Nf6 2. c4 g6 3. Nc3 d5 4. Bf4 Bg7 5. e3 O-O 6. Rc1 c5 7. dxc5 Be6 8. Nf3 Nc6 9. Ng5 Bg4 10. f3 e5 11. fxg4 exf4 12. cxd5 Ne5 13. h3 fxe3 14. Be2 Rc8 15. b4 Nxd5 16. Nxd5 Qxg5 17. h4 Qd8 18. g3 Nc6 19. O-O Nd4 20. Nf4 Qe7 21. Qd3 Rcd8 22. Qc4 Qe5 23. Rcd1 Nxe2+ 24. Qxe2 Qe4 25. a3 a5 26. Kh2 axb4 27. axb4 Rfe8 28. Rxd8 Rxd8 29. Rd1 Rxd1 30. Qxd1 Qxb4 31. Qd8+ Bf8 32. Qe8 Qxc5 33. g5 Qe7 34. Qxe7 Bxe7 35. Kg2 b5 36. Kf3 Bc5 37. Nd5 b4 38. Nxe3 Bxe3 39. Kxe3 Kf8 40. Kd4 Ke7 41. Kc4 Ke6 42. Kxb4 Ke5 43. Kc5 Ke4 44. Kd6 Kf3 45. Ke7 Kxg3 46. Kxf7 Kxh4 47. Kg7 Kxg5 48. Kxh7 Kh5 49. Kg7 g5 50. Kf6 g4 51. Kf5 g3 52. Kf4 g2 53. Kg3 g1=Q+ 54. Kh3 Qg4+ 55. Kh2 Kg5 56. Kh1 Kf4 57. Kh2 Kf3 58. Kh1 Qg2# 0-1


[Site "https://www.chess.com"]

[Event "Titled Tuesday Blitz June 28 Early 2022"]
[White "Beerdsen, Thomas"]
[Black "Tasev, Dejan"]
[WhiteFideId "1030108"]
[BlackFideId "936618"]
[WhiteElo "2585"]
[BlackElo "2253"]
[Result "1-0"]
[Round "02"]
[TimeControl "180+1"]
[Date "2022.06.28"]
[WhiteClock "0:00:37"]
[BlackClock "0:00:22"]

1. e4 e5 2. Nf3 Nc6 3. d4 exd4 4. Bc4 Nf6 5. O-O d6 6. c3 d3 7. Bxd3 Be7 8. h3 O-O 9. Nbd2 Re8 10. Re1 h6 11. a4 a5 12. Bc4 Bf8 13. Bb5 Bd7 14. Qb3 Na7 15. Bc4 Be6 16. Bxe6 Rxe6 17. Qxb7 Nd7 18. Qb3 Nc5 19. Qc2 Rb8 20. Nc4 Nc6 21. Bf4 Qf6 22. Bg3 Rbe8 23. Ncd2 g5 24. Re3 Qg6 25. Rae1 h5 26. h4 g4 27. Nd4 Nxd4 28. cxd4 Nxe4 29. d5 Nxd2 30. Qxg6+ fxg6 31. Rxe6 Rxe6 32. Rxe6 Kf7 33. Re2 Nc4 34. Rc2 Nb6 35. Rxc7+ Ke8 36. b3 Nxd5 37. Ra7 Be7 38. Rxa5 Nc3 39. b4 Kd7 40. b5 Bd8 41. Ra7+ Ke6 42. Rg7 Ne2+ 43. Kh2 Nxg3 44. fxg3 Kf6 45. Rd7 Ba5 46. Rxd6+ Kf5 47. b6 1-0


[Site "https://www.chess.com"]

[Event "Titled Tuesday Blitz June 28 Early 2022"]
[White "Begunov, Konstantin"]
[Black "De Silva, L M S T"]
[WhiteFideId "4118510"]
[BlackFideId "9953698"]
[WhiteElo "2262"]
[BlackElo "1631"]
[Result "0-1"]
[Round "02"]
[TimeControl "180+1"]
[Date "2022.06.28"]
[WhiteClock "0:00:02"]
[BlackClock "0:01:27"]

1. d4 Nf6 2. c4 e6 3. Nf3 d5 4. Nc3 Bb4 5. Qa4+ Nc6 6. Ne5 Bd7 7. Nxd7 Qxd7 8. a3 Bd6 9. cxd5 exd5 10. Bg5 Be7 11. e3 h6 12. Bf4 Nh5 13. Bg3 Nxg3 14. hxg3 a6 15. Bb5 O-O 16. Bxc6 bxc6 17. Qc2 Rfb8 18. Na4 Rb5 19. O-O a5 20. Rac1 Ra6 21. Qd3 Bd6 22. Nc3 Rbb6 23. Rc2 a4 24. Rfc1 h5 25. e4 Qe6 26. exd5 cxd5 27. Qf3 c6 28. Ne2 g6 29. Nf4 Qf5 30. Nd3 Qg5 31. Nf4 h4 32. Re2 Rb3 33. Re3 hxg3 0-1


[Site "https://www.chess.com"]

[Event "Titled Tuesday Blitz June 28 Early 2022"]
[White "Bellahcene, Bilel"]
[Black "Mekhane, Adam"]
[WhiteFideId "696358"]
[BlackFideId "36050601"]
[WhiteElo "2543"]
[BlackElo "2002"]
[Result "0-1"]
[Round "02"]
[TimeControl "180+1"]
[Date "2022.06.28"]
[WhiteClock "0:00:04"]
[BlackClock "0:00:22"]

1. d4 Nf6 2. Bf4 g6 3. e3 Bg7 4. Nf3 O-O 5. Be2 d6 6. h3 b6 7. O-O Bb7 8. c4 Nbd7 9. Nc3 a6 10. b4 Qe8 11. a4 e5 12. Bh2 Nh5 13. a5 Qe7 14. b5 axb5 15. Nxb5 bxa5 16. Nxc7 Ra7 17. Nb5 Raa8 18. Nd2 Nhf6 19. Nb3 a4 20. Nd2 Nb6 21. Nxd6 Qxd6 22. dxe5 Qe6 23. c5 Nbd5 24. exf6 Bxf6 25. Bc4 Qc6 26. e4 Nc3 27. Qf3 Nxe4 28. Nxe4 Qxe4 29. Qxe4 Bxe4 30. Rad1 a3 31. Ba2 Rfd8 32. Bd6 Bc6 33. Rfe1 Re8 34. Rb1 Rxe1+ 35. Rxe1 Re8 36. Rxe8+ Bxe8 37. Kf1 Bc6 38. f3 Bd4 39. Ke2 Bb5+ 40. Ke1 Bc6 41. Kd2 Kg7 42. Kd3 Bb2 43. Kc4 Kf6 44. Kb3 Bd5+ 45. Kc2 Bxa2 46. c6 Be6 47. c7 Be5 48. Bxa3 Bxc7 49. Bb2+ Kg5 50. Bc1+ Kh4 51. Kd3 Kg3 52. Ke2 Kxg2 53. Be3 Bxh3 54. f4 Bg4+ 55. Kd3 h5 56. Bb6 Bxb6 0-1


[Site "https://www.chess.com"]

[Event "Titled Tuesday Blitz June 28 Early 2022"]
[White "Bellissimo, Joseph F."]
[Black "Kowalczyk, Pawel"]
[WhiteFideId "2609843"]
[BlackFideId "1130641"]
[WhiteElo "2061"]
[BlackElo "2344"]
[Result "1-0"]
[Round "02"]
[TimeControl "180+1"]
[Date "2022.06.28"]
[WhiteClock "0:02:28"]
[BlackClock "0:01:27"]

1. e4 c5 2. Nf3 e6 3. c3 Nf6 4. e5 Nd5 5. d4 cxd4 6. cxd4 Nc6 7. Bc4 Nb6 8. Bd3 d6 9. O-O dxe5 10. dxe5 Be7 11. Nc3 O-O 12. Qe2 h6 13. Rd1 Qc7 14. Bf4 a6 15. Rac1 Bd7 16. Qe3 Nb4 17. Bxh6 gxh6 18. Qxh6 Nxd3 19. Rxd3 Rfc8 20. Ng5 Bxg5 21. Qxg5+ Kf8 22. Rh3 1-0


[Site "https://www.chess.com"]

[Event "Titled Tuesday Blitz June 28 Early 2022"]
[White "Bharath Subramaniyam H"]
[Black "Arias, Juan Cruz"]
[WhiteFideId "46634827"]
[BlackFideId "118540"]
[WhiteElo "2242"]
[BlackElo "2091"]
[Result "1-0"]
[Round "02"]
[TimeControl "180+1"]
[Date "2022.06.28"]
[WhiteClock "0:00:49"]
[BlackClock "0:00:33"]

1. d4 Nf6 2. Nf3 e6 3. Bf4 c5 4. c3 b6 5. Nbd2 Bb7 6. e3 cxd4 7. exd4 Be7 8. Bd3 O-O 9. O-O d6 10. a4 a6 11. Re1 Nbd7 12. h3 Qc7 13. Nc4 Rfe8 14. Bh2 Bf8 15. Ne3 Bc6 16. c4 Qb7 17. Nd2 d5 18. Rc1 Bb4 19. Re2 Rad8 20. Qc2 Rc8 21. b3 e5 22. dxe5 Nxe5 23. Bxe5 Rxe5 24. cxd5 Bd7 25. Ndc4 b5 26. axb5 axb5 27. Nxe5 Rxc2 28. Rexc2 Bd6 29. Nxd7 Nxd7 30. Rc8+ Nf8 31. Nf5 Bf4 32. d6 g6 33. R1c7 Qd5 34. Rxf8+ 1-0


[Site "https://www.chess.com"]

[Event "Titled Tuesday Blitz June 28 Early 2022"]
[White "Bintang, Rasyid A. Hidayat"]
[Black "Ianov, Viktor"]
[WhiteFideId "7105355"]
[BlackFideId "14102730"]
[WhiteElo "2381"]
[BlackElo "2152"]
[Result "0-1"]
[Round "02"]
[TimeControl "180+1"]
[Date "2022.06.28"]
[WhiteClock "0:00:18"]
[BlackClock "0:01:42"]

1. c4 d6 2. Nc3 g6 3. g3 Bg7 4. Bg2 Nf6 5. Nf3 O-O 6. O-O c6 7. d4 Bf5 8. Re1 Ne4 9. Qb3 Nxc3 10. bxc3 Bc8 11. e4 Nd7 12. Bg5 h6 13. Bf4 e5 14. Be3 c5 15. Rad1 Qc7 16. dxe5 dxe5 17. Rd5 b6 18. Rdd1 Bb7 19. Qc2 Nf6 20. Nd2 Rfd8 21. f4 Ng4 22. f5 Nxe3 23. Rxe3 Rd6 24. fxg6 fxg6 25. Nf1 Rad8 26. Red3 Rxd3 27. Rxd3 Rxd3 28. Qxd3 h5 29. Ne3 Bh6 30. Nd5 Qd6 31. Bh3 Kg7 32. a4 Bc6 33. a5 bxa5 34. Qb1 a4 35. Bc8 a3 36. Ba6 Bxd5 37. cxd5 Qxa6 38. Qa2 c4 39. Kf2 Qb6+ 40. Kg2 Qb2+ 0-1


[Site "https://www.chess.com"]

[Event "Titled Tuesday Blitz June 28 Early 2022"]
[White "Blokhin, Sofia"]
[Black "Rios Escobar, Adan"]
[WhiteFideId "4508190"]
[BlackFideId "3403645"]
[WhiteElo "1760"]
[BlackElo "2465"]
[Result "0-1"]
[Round "02"]
[TimeControl "180+1"]
[Date "2022.06.28"]
[WhiteClock "0:00:06"]
[BlackClock "0:00:13"]

1. d4 Nf6 2. c4 g6 3. Nc3 Bg7 4. e4 d6 5. f3 O-O 6. Be3 a6 7. g4 Nc6 8. h4 e5 9. d5 Nd4 10. Qd2 Rb8 11. O-O-O c5 12. Bh6 b5 13. Bxg7 Kxg7 14. h5 Qa5 15. hxg6 fxg6 16. Qh6+ Kg8 17. Nh3 b4 18. Ng5 Rb7 19. Nb1 Qxa2 20. Rxd4 cxd4 21. Bd3 Rc7 22. f4 Nxg4 23. Qh4 Rxf4 24. Rg1 Rxc4+ 25. Bxc4 Qxc4+ 26. Kd1 Ne3+ 27. Ke1 Rxh4 0-1


[Site "https://www.chess.com"]

[Event "Titled Tuesday Blitz June 28 Early 2022"]
[White "Boder, Jan"]
[Black "Deac, Bogdan-Daniel"]
[WhiteFideId "16243226"]
[BlackFideId "1226380"]
[WhiteElo "2064"]
[BlackElo "2648"]
[Result "0-1"]
[Round "02"]
[TimeControl "180+1"]
[Date "2022.06.28"]
[WhiteClock "0:01:20"]
[BlackClock "0:01:49"]

1. c4 Nf6 2. g3 e6 3. Bg2 d5 4. Nf3 Be7 5. O-O O-O 6. b3 b6 7. cxd5 Nxd5 8. Bb2 Bb7 9. d4 Nd7 10. Nbd2 c5 11. dxc5 Nxc5 12. Rc1 Rc8 13. Nc4 b5 14. Nce5 Qb6 15. Rxc5 Qxc5 16. Nd7 Qc2 17. Qa1 Rfd8 18. Rb1 Rxd7 19. Bxg7 Nc3 20. Nd4 Qxb1+ 21. Qxb1 Nxb1 0-1


[Site "https://www.chess.com"]

[Event "Titled Tuesday Blitz June 28 Early 2022"]
[White "Boraso, Alessio"]
[Black "Perez Gormaz, Matias"]
[WhiteFideId "848077"]
[BlackFideId "3406342"]
[WhiteElo "2286"]
[BlackElo "2341"]
[Result "0-1"]
[Round "02"]
[TimeControl "180+1"]
[Date "2022.06.28"]
[WhiteClock "0:00:03"]
[BlackClock "0:01:02"]

1. c4 a6 2. g3 b5 3. Bg2 c6 4. b3 h5 5. h4 Nf6 6. Bb2 Ng4 7. Nf3 bxc4 8. bxc4 d6 9. O-O e5 10. e4 Nd7 11. d4 Be7 12. Nc3 Rb8 13. Rb1 Qa5 14. Qd2 exd4 15. Nxd4 Nde5 16. Qe2 Bd7 17. Kh1 O-O 18. f3 Nf6 19. Rfc1 Rfe8 20. c5 dxc5 21. Nc2 c4 22. Ne1 Be6 23. Nd1 Red8 24. Bc3 Qc7 25. Ne3 Nd3 26. Rxb8 Qxb8 27. Rd1 Qxg3 28. Nxd3 Qxh4+ 29. Kg1 cxd3 30. Rxd3 Rb8 31. Rd1 Qg5 32. Nf1 h4 33. Bd2 Bc5+ 34. Be3 h3 35. Bxc5 Qxc5+ 36. Qe3 Qxe3+ 37. Nxe3 hxg2 38. f4 Nxe4 39. f5 Bxa2 0-1


[Site "https://www.chess.com"]

[Event "Titled Tuesday Blitz June 28 Early 2022"]
[White "Bortnyk, Mykola"]
[Black "Piesik, Piotr"]
[WhiteFideId "14120836"]
[BlackFideId "1136194"]
[WhiteElo "2582"]
[BlackElo "2247"]
[Result "0-1"]
[Round "02"]
[TimeControl "180+1"]
[Date "2022.06.28"]
[WhiteClock "0:01:08"]
[BlackClock "0:00:57"]

1. e4 g6 2. d4 Bg7 3. Nc3 c6 4. Be3 d5 5. e5 Nh6 6. f4 Ng4 7. Bd2 h5 8. Nf3 Nh6 9. Be3 Bg4 10. h3 Bxf3 11. Qxf3 h4 12. Bf2 Nf5 13. O-O-O e6 14. Bd3 Bf8 15. Kb1 Nd7 16. Ne2 b5 17. g4 hxg3 18. Nxg3 Nh4 19. Qg4 Qb6 20. Nh5 Nf5 21. Nf6+ Nxf6 22. exf6 O-O-O 23. h4 Rh5 24. Be2 Bd6 25. Qg1 Rh6 26. Qg5 Rdh8 27. h5 gxh5 28. Rxh5 Rxh5 29. Bxh5 Qc7 30. Bg4 Bxf4 31. Qh5 Rxh5 32. Bxh5 Bg5 33. a4 bxa4 34. Rg1 Bxf6 35. Rg8+ Kb7 36. Rf8 Nh6 37. Be3 Bg7 38. Bxh6 Bxf8 39. Bxf8 Qf4 40. Bc5 f5 41. Ka2 Qh2 42. Bf7 Qxc2 43. Bxe6 f4 44. Bg4 f3 0-1


[Site "https://www.chess.com"]

[Event "Titled Tuesday Blitz June 28 Early 2022"]
[White "Bortnyk, Olexandr"]
[Black "Starozhilov, Leonid"]
[WhiteFideId "14120828"]
[BlackFideId "14106752"]
[WhiteElo "2723"]
[BlackElo "2414"]
[Result "1-0"]
[Round "02"]
[TimeControl "180+1"]
[Date "2022.06.28"]
[WhiteClock "0:00:39"]
[BlackClock "0:00:02"]

1. d4 Nf6 2. Nc3 d6 3. Bf4 Nbd7 4. Nf3 c5 5. e3 g6 6. h3 Bg7 7. Be2 O-O 8. O-O b6 9. Bh2 Bb7 10. a4 a6 11. Nd2 cxd4 12. exd4 Rc8 13. Bf3 Qc7 14. Re1 Rfe8 15. Bxb7 Qxb7 16. Nf3 b5 17. axb5 axb5 18. Qd3 b4 19. Nd1 d5 20. Ne3 e6 21. Nd2 Ra8 22. Qb3 Bf8 23. c4 dxc4 24. Ndxc4 Rxa1 25. Rxa1 Ra8 26. Rd1 Nd5 27. Bd6 Nxe3 28. Qxe3 Qd5 29. Bxf8 Rxf8 30. b3 Ra8 31. Qd2 Qb5 32. d5 exd5 33. Qxd5 Qxd5 34. Rxd5 Nf6 35. Rb5 Ne4 36. f3 Ra1+ 37. Kh2 Nc3 38. Rxb4 Ra2 39. Rb7 Nd5 40. Kg3 h5 41. h4 Nf6 42. Ne5 Nd5 43. Nxf7 Ne3 44. Kf4 Nxg2+ 45. Kg5 Ne1 46. Ne5 Ra6 47. b4 Re6 48. f4 1-0


[Site "https://www.chess.com"]

[Event "Titled Tuesday Blitz June 28 Early 2022"]
[White "Bryakin, Mikhail"]
[Black "Huber, Benedikt"]
[WhiteFideId "4165314"]
[BlackFideId "12923583"]
[WhiteElo "2417"]
[BlackElo "1979"]
[Result "1-0"]
[Round "02"]
[TimeControl "180+1"]
[Date "2022.06.28"]
[WhiteClock "0:01:56"]
[BlackClock "0:00:17"]

1. e4 c5 2. b3 g6 3. Bb2 Nf6 4. e5 Nd5 5. Nc3 Nxc3 6. dxc3 Bg7 7. Nf3 Nc6 8. Qe2 O-O 9. O-O-O c4 10. Qxc4 Nxe5 11. Nxe5 Bxe5 12. Qh4 Bf6 13. Qh6 Qa5 14. Qd2 Qxa2 15. h4 a5 16. Bb5 a4 17. Bxa4 Ra5 18. Bxd7 Rd8 19. Bxc8 Rxd2 20. Rxd2 Rc5 21. Rd8+ Kg7 22. Rh3 e6 23. Re8 Qa6 24. c4 Bxb2+ 25. Kxb2 Qc6 26. Rd8 Qc7 27. Rhd3 Qe5+ 28. c3 Rc7 29. Rd2 Qc5 30. Bd7 Qe7 31. Bb5 Qf6 32. g3 e5 33. R8d6 Qf5 34. Bd7 Qf3 35. R6d3 Qg4 36. Bxg4 1-0


[Site "https://www.chess.com"]

[Event "Titled Tuesday Blitz June 28 Early 2022"]
[White "Buscar, Michael"]
[Black "Tari, Aryan"]
[WhiteFideId "2603616"]
[BlackFideId "1510045"]
[WhiteElo "2010"]
[BlackElo "2567"]
[Result "0-1"]
[Round "02"]
[TimeControl "180+1"]
[Date "2022.06.28"]
[WhiteClock "0:00:01"]
[BlackClock "0:01:36"]

1. Nf3 b6 2. e3 Bb7 3. c4 Nf6 4. b3 g6 5. Bb2 Bg7 6. Be2 O-O 7. O-O c5 8. d3 d6 9. Nbd2 Nbd7 10. Qc2 a6 11. Rfe1 b5 12. a4 b4 13. d4 e6 14. e4 cxd4 15. Bxd4 e5 16. Bb2 Nc5 17. Bf1 Ne6 18. Rad1 Nd7 19. g3 Ndc5 20. Bg2 Qe7 21. Re2 Bc6 22. Ne1 Qb7 23. Nd3 Rad8 24. Nxc5 Nxc5 25. Nf1 f5 26. f3 fxe4 27. fxe4 Bh6 28. Rd5 Bxd5 29. exd5 Rf7 30. Ne3 Qd7 31. h3 Rdf8 32. Ng4 Bg7 33. Kh2 Qf5 34. Qd2 a5 35. Qe3 Qd3 36. Bc1 Qxe3 37. Bxe3 Nxb3 38. Bb6 h5 39. Ne3 Rf2 40. Re1 Ra2 41. c5 Nxc5 0-1


[Site "https://www.chess.com"]

[Event "Titled Tuesday Blitz June 28 Early 2022"]
[White "Bychkov, Vladimir"]
[Black "Coto Mederos, Michel"]
[WhiteFideId "24151513"]
[BlackFideId "3508528"]
[WhiteElo "2197"]
[BlackElo "2427"]
[Result "1-0"]
[Round "02"]
[TimeControl "180+1"]
[Date "2022.06.28"]
[WhiteClock "0:00:41"]
[BlackClock "0:00:12"]

1. Nf3 d5 2. g3 Nf6 3. Bg2 e6 4. c4 c5 5. O-O Nc6 6. cxd5 exd5 7. d4 Be7 8. Nc3 cxd4 9. Nxd4 O-O 10. Be3 a6 11. Nxc6 bxc6 12. Na4 Be6 13. Rc1 Rc8 14. Bc5 Nd7 15. Bxe7 Qxe7 16. e4 Nf6 17. Nc5 dxe4 18. Nxe4 Nxe4 19. Bxe4 Bxa2 20. Re1 Qb7 21. Rc5 Be6 22. Bxh7+ Kxh7 23. Rh5+ Kg8 24. Qd3 g6 25. Rxe6 fxe6 26. Qxg6+ Qg7 27. Qxe6+ Qf7 28. Rg5+ Kh8 29. Qh3+ Qh7 30. Rh5 Rc7 31. Rxh7+ Rxh7 32. Qe6 Rc7 33. Qe5+ Rg7 34. Qd6 Rc8 35. Qh6+ Rh7 36. Qf6+ Rg7 37. h4 Kh7 38. Qf5+ 1-0


[Site "https://www.chess.com"]

[Event "Titled Tuesday Blitz June 28 Early 2022"]
[White "Cervantes Landeiro, Thalia"]
[Black "Preotu, Razvan"]
[WhiteFideId "3520498"]
[BlackFideId "2613280"]
[WhiteElo "2042"]
[BlackElo "2407"]
[Result "0-1"]
[Round "02"]
[TimeControl "180+1"]
[Date "2022.06.28"]
[WhiteClock "0:02:20"]
[BlackClock "0:02:36"]

1. d4 Nf6 2. c4 g6 3. Nc3 d5 4. cxd5 Nxd5 5. e4 Nxc3 6. bxc3 Bg7 7. Nf3 c5 8. Rb1 O-O 9. Be2 Nc6 10. d5 Ne5 11. Nxe5 Bxe5 12. Qd2 e6 13. f4 Bc7 14. O-O exd5 15. exd5 Ba5 16. Bb2 Bf5 17. Rbd1 Qd6 18. Bf3 h5 19. Qf2 c4 20. Qd4 Bb6 0-1


[Site "https://www.chess.com"]

[Event "Titled Tuesday Blitz June 28 Early 2022"]
[White "Cherniaiev, Tykhon"]
[Black "Priyanka Nutakki"]
[WhiteFideId "14182360"]
[BlackFideId "25049615"]
[WhiteElo "2289"]
[BlackElo "1912"]
[Result "1-0"]
[Round "02"]
[TimeControl "180+1"]
[Date "2022.06.28"]
[WhiteClock "0:01:22"]
[BlackClock "0:00:11"]

1. Nf3 d5 2. d4 Nf6 3. c4 e6 4. g3 Be7 5. Bg2 O-O 6. O-O dxc4 7. Qc2 a6 8. Qxc4 b5 9. Qc2 Bb7 10. Bg5 Nbd7 11. Nbd2 c5 12. Bxf6 Bxf6 13. dxc5 Rc8 14. Nb3 Bd5 15. Rfd1 Qe7 16. Rac1 Bxb3 17. Qxb3 Nxc5 18. Qa3 Na4 19. Qxe7 Bxe7 20. Rxc8 Rxc8 21. b3 Nc3 22. Rd2 g5 23. Nd4 Rc7 24. Nc6 Bf6 25. e3 Kg7 26. h3 h5 27. Kh2 a5 28. Nxa5 Ra7 29. b4 Kg6 30. Bf1 Bg7 31. Bd3+ f5 32. Kg2 Nd5 33. a3 Kf7 34. Bxb5 Bc3 35. Rd3 Bb2 36. Bc4 Nb6 37. Ba2 Ke7 38. Nc6+ 1-0


[Site "https://www.chess.com"]

[Event "Titled Tuesday Blitz June 28 Early 2022"]
[White "Ciuffoletti, Paolo"]
[Black "Kalogridis, Antonios"]
[WhiteFideId "807630"]
[BlackFideId "25833901"]
[WhiteElo "2143"]
[BlackElo "1596"]
[Result "1-0"]
[Round "02"]
[TimeControl "180+1"]
[Date "2022.06.28"]
[WhiteClock "0:00:03"]
[BlackClock "0:00:07"]

1. e4 a6 2. d4 c5 3. Nf3 cxd4 4. c3 dxc3 5. Nxc3 Nc6 6. Bc4 e6 7. O-O Bb4 8. Qe2 Nge7 9. Bg5 O-O 10. Rac1 b5 11. Bd3 Qb6 12. e5 Ng6 13. h4 Nd4 14. Nxd4 Qxd4 15. Rfd1 Bxc3 16. Bxg6 Qxe5 17. Bxh7+ Kxh7 18. Qd3+ Kg8 19. Rxc3 d5 20. Rdc1 Bb7 21. Rc7 Rab8 22. R1c2 d4 23. Rd7 Be4 24. Qd2 Bxc2 25. Bf4 Qe4 26. Rxd4 Qg6 27. h5 Qf5 28. h6 Rbc8 29. hxg7 Rfe8 30. Bd6 Be4 31. Qh6 Qh7 32. Qf4 Bf5 33. Be5 Rc2 34. f3 Rec8 35. Qg5 Rc1+ 36. Kf2 Qh1 37. Rd8+ Rxd8 38. Qxd8+ Kh7 39. g8=Q+ Kh6 40. Qf6+ Bg6 41. Qgh8# 1-0


[Site "https://www.chess.com"]

[Event "Titled Tuesday Blitz June 28 Early 2022"]
[White "Cruz, Cristhian"]
[Black "Kjartansson, David"]
[WhiteFideId "3801969"]
[BlackFideId "2301130"]
[WhiteElo "2497"]
[BlackElo "2382"]
[Result "1/2-1/2"]
[Round "02"]
[TimeControl "180+1"]
[Date "2022.06.28"]
[WhiteClock "0:00:29"]
[BlackClock "0:00:50"]

1. c4 c5 2. Nf3 Nc6 3. Nc3 g6 4. e3 Nf6 5. d4 cxd4 6. exd4 d5 7. cxd5 Nxd5 8. Qb3 Nxc3 9. Bc4 e6 10. bxc3 Bg7 11. Ba3 Bf8 12. Bc1 Bg7 13. Ba3 Bf8 14. Bxf8 Kxf8 15. Bb5 Bd7 16. h4 h5 17. O-O Kg7 18. Bd3 Na5 19. Qb2 b6 20. Ne5 Rc8 21. c4 Be8 22. d5 f6 23. Nf3 Bf7 24. Rad1 exd5 25. cxd5 Rc5 26. d6 Rd5 27. Bc2 Qxd6 28. Rxd5 Qxd5 29. Rd1 Qc5 30. Rd7 Re8 31. Rxa7 Nc6 32. Rc7 Re7 33. Rxe7 Nxe7 34. Bb3 Qb4 35. Qc2 Bxb3 36. axb3 Qc5 37. Qe4 Kf7 38. Qf4 Nf5 39. Qb8 Qd6 40. Qb7+ Ne7 41. Qe4 Qd5 42. Qe3 b5 43. Nd4 b4 44. g3 Qe5 45. Qd3 Nd5 46. Qc4 Qe1+ 47. Kg2 Qe4+ 48. Kg1 Qe1+ 49. Kg2 Qe4+ 50. Kg1 Qe1+ 1/2-1/2


[Site "https://www.chess.com"]

[Event "Titled Tuesday Blitz June 28 Early 2022"]
[White "Csonka, Balazs"]
[Black "McCoy, Owen"]
[WhiteFideId "742910"]
[BlackFideId "30924502"]
[WhiteElo "2404"]
[BlackElo "2540"]
[Result "1-0"]
[Round "02"]
[TimeControl "180+1"]
[Date "2022.06.28"]
[WhiteClock "0:00:05"]
[BlackClock "0:00:02"]

1. Nf3 d5 2. c4 c6 3. d4 Nf6 4. Nc3 dxc4 5. a4 Bf5 6. Nh4 e6 7. Nxf5 exf5 8. e3 Bb4 9. Bxc4 O-O 10. Qf3 Ne4 11. O-O Nxc3 12. bxc3 Bxc3 13. Rb1 Qd7 14. Ba3 Re8 15. Rfc1 Ba5 16. d5 g6 17. h4 h5 18. Rd1 Bb6 19. Qg3 Re4 20. dxc6 Qxc6 21. Bd5 Qf6 22. Bb2 Qe7 23. Qxg6+ Kf8 24. Qg7+ Ke8 25. Bxe4 fxe4 26. Bf6 Qf8 27. Rxb6 Qxg7 28. Rd8# 1-0


[Site "https://www.chess.com"]

[Event "Titled Tuesday Blitz June 28 Early 2022"]
[White "D`Arruda, Ricardo D."]
[Black "Kapitsyn, Mark"]
[WhiteFideId "100692"]
[BlackFideId "4116240"]
[WhiteElo "2490"]
[BlackElo "2293"]
[Result "1-0"]
[Round "02"]
[TimeControl "180+1"]
[Date "2022.06.28"]
[WhiteClock "0:00:28"]
[BlackClock "0:00:06"]

1. Nf3 c5 2. b3 d5 3. Bb2 f6 4. e3 e5 5. d4 cxd4 6. exd4 e4 7. Nfd2 f5 8. c4 Nf6 9. Nc3 Be6 10. cxd5 Nxd5 11. Bc4 Bb4 12. Nxd5 Bxd5 13. O-O O-O 14. Bxd5+ Qxd5 15. Nc4 Nd7 16. f3 Nf6 17. fxe4 fxe4 18. Ne3 Qg5 19. Qe2 Rac8 20. Rf5 Qg6 21. Raf1 Bd6 22. Nc4 Bxh2+ 23. Kh1 Qh6 24. g4 Bg3+ 25. Kg1 Qg6 26. g5 Nh5 27. Rxf8+ Rxf8 28. Rxf8+ Kxf8 29. Qg4 Bc7 30. Qc8+ Qe8 31. Qxc7 e3 32. Ba3+ Kg8 33. Qe7 Qxe7 34. Bxe7 e2 35. Kf2 Nf4 36. Bd6 e1=Q+ 37. Kxe1 Nd3+ 38. Kd2 Nf2 39. Ke3 b5 40. Kxf2 bxc4 41. bxc4 Kf7 42. d5 Ke8 43. Be5 Kd7 44. c5 g6 45. c6+ Kc8 46. d6 a6 47. d7+ Kd8 48. Bf6+ Kc7 49. d8=Q+ Kxc6 50. Be5 Kc5 51. Qd6+ Kc4 52. Qd4+ Kb5 53. a4+ Ka5 54. Bc7# 1-0


[Site "https://www.chess.com"]

[Event "Titled Tuesday Blitz June 28 Early 2022"]
[White "Dankhazi, Andras"]
[Black "Oliveira, Jonathan De"]
[WhiteFideId "714267"]
[BlackFideId "2180820"]
[WhiteElo "2325"]
[BlackElo "2075"]
[Result "1-0"]
[Round "02"]
[TimeControl "180+1"]
[Date "2022.06.28"]
[WhiteClock "0:02:02"]
[BlackClock "0:01:27"]

1. b3 e6 2. Bb2 Nf6 3. e3 d5 4. f4 b6 5. Nf3 Be7 6. Bb5+ c6 7. Be2 Ba6 8. d3 Nbd7 9. Nbd2 c5 10. e4 dxe4 11. dxe4 Bxe2 12. Qxe2 Qc7 13. e5 Nd5 14. Ne4 Nxf4 15. Qd2 Ng6 16. Nd6+ Kf8 17. O-O Kg8 18. Rad1 Rd8 19. Nxf7 Kxf7 20. Ng5+ Ke8 21. Nxe6 Qc6 22. Nxg7# 1-0


[Site "https://www.chess.com"]

[Event "Titled Tuesday Blitz June 28 Early 2022"]
[White "Djabri,Massinas"]
[Black "Bachmann, Axel"]
[WhiteFideId "7905726"]
[BlackFideId "3700488"]
[WhiteElo "1941"]
[BlackElo "2587"]
[Result "1-0"]
[Round "02"]
[TimeControl "180+1"]
[Date "2022.06.28"]
[WhiteClock "0:01:25"]
[BlackClock "0:00:45"]

1. d4 Nf6 2. Bf4 g6 3. e3 Bg7 4. Nf3 d6 5. h3 O-O 6. Be2 Nfd7 7. O-O e5 8. Bh2 Nc6 9. dxe5 Ndxe5 10. c3 f5 11. Nbd2 Be6 12. Nd4 Bf7 13. N2f3 h6 14. Nxe5 Nxe5 15. Nf3 Qe7 16. Qc2 Rae8 17. Rfd1 Kh8 18. Qa4 a6 19. Qb4 b5 20. Qa5 Ra8 21. Nxe5 dxe5 22. a4 Rab8 23. axb5 axb5 24. Bxb5 f4 25. exf4 exf4 26. Rd7 Qg5 27. Qxc7 Be5 28. Qa7 f3 29. Bxe5+ Qxe5 30. Rxf7 1-0


[Site "https://www.chess.com"]

[Event "Titled Tuesday Blitz June 28 Early 2022"]
[White "Djokic, Mihailo"]
[Black "Carrasco Miranda, Andres"]
[WhiteFideId "976440"]
[BlackFideId "3405990"]
[WhiteElo "2255"]
[BlackElo "2177"]
[Result "1-0"]
[Round "02"]
[TimeControl "180+1"]
[Date "2022.06.28"]
[WhiteClock "0:00:09"]
[BlackClock "0:00:26"]

1. e4 c5 2. Nf3 d6 3. d4 cxd4 4. Nxd4 Nf6 5. Nc3 a6 6. Rg1 h5 7. h3 b5 8. g4 hxg4 9. hxg4 Bb7 10. Bg2 e6 11. g5 Nfd7 12. g6 b4 13. gxf7+ Kxf7 14. Nce2 Nc6 15. Nxc6 Bxc6 16. Nd4 Bb7 17. Be3 Qf6 18. Qd2 a5 19. O-O-O Ne5 20. Bg5 Nc4 21. Bxf6 Nxd2 22. Kxd2 gxf6 23. c3 Bh6+ 24. Kc2 Rhg8 25. Bf3 bxc3 26. bxc3 Bf4 27. Bh5+ Ke7 28. f3 Rac8 29. Bg4 Be5 30. Kd3 Ba6+ 31. Kd2 Bxd4 32. cxd4 Rc4 33. Ke3 Ra4 34. Rd2 e5 35. dxe5 fxe5 36. Rc1 Ra3+ 37. Kf2 Kf6 38. Rxd6+ Kg5 39. Rxa6 Rxa2+ 40. Kg3 Rh8 41. Re6 a4 42. Rc5 1-0


[Site "https://www.chess.com"]

[Event "Titled Tuesday Blitz June 28 Early 2022"]
[White "Dobre, Claudiu-Cristian"]
[Black "Flynn, Jacob"]
[WhiteFideId "1211854"]
[BlackFideId "2509393"]
[WhiteElo "2207"]
[BlackElo "1896"]
[Result "1-0"]
[Round "02"]
[TimeControl "180+1"]
[Date "2022.06.28"]
[WhiteClock "0:00:19"]
[BlackClock "0:00:02"]

1. c4 Nf6 2. Nc3 c5 3. Nf3 Nc6 4. e4 e6 5. Be2 d5 6. exd5 exd5 7. d4 cxd4 8. Nxd4 Bc5 9. Nb3 Bb4 10. O-O dxc4 11. Bxc4 O-O 12. Bg5 Qxd1 13. Raxd1 Bxc3 14. bxc3 Ne4 15. Be3 Nxc3 16. Rd3 Nxa2 17. Bc5 Re8 18. Re3 Be6 19. Rfe1 Nab4 20. Bxe6 fxe6 21. Rxe6 Rxe6 22. Rxe6 Nd5 23. Nd4 Nxd4 24. Bxd4 Rc8 25. g3 a5 26. Rd6 Nf6 27. Rb6 Ra8 28. Rxb7 a4 29. g4 a3 30. f3 Ne8 31. Be5 a2 32. Ba1 g5 33. Rb5 h6 34. Rb6 1-0


[Site "https://www.chess.com"]